 Dungeon Crawl Stone Soup version 0.29.0-4-gdea44cf6ec (webtiles) character file.

Game seed: 11370239883996498563

4 qw the Chopper (level 1, 0/12 HPs)
             Began as a Tengu Warper on Aug 28, 2022.
             Slain by a frilled lizard (2 damage)
             ... on level 1 of the Dungeon.
             The game lasted 00:00:00 (42 turns).

qw the Chopper (Tengu Warper)                         Turns: 42, Time: 00:00:00

Health: 0/12       AC:  3    Str: 11    XL:     1   Next: 60%
Magic:  4/4        EV: 11    Int: 13    God:
Gold:   5          SH:  0    Dex: 13    Spells: 4/4 levels left

rFire   . . .      SeeInvis .   a - +0 hand axe
rCold   . . .      Faith    .   (no shield)
rNeg    . . .      Spirit   .   b - +0 leather armour
rPois   .          Reflect  .   (helmet restricted)
rElec   .          Harm     .   (no cloak)
rCorr   .          Rampage  .   (no gloves)
Will    .....                   (boots unavailable)
Stlth   +.........              (no amulet)
HPRegen 0.04/turn               (no ring)
MPRegen 0.09/turn               (no ring)

@: no status effects
A: beak, talons 3
a: no special abilities


You were on level 1 of the Dungeon.
You visited 1 branch of the dungeon, and saw 1 of its levels.

You collected 5 gold pieces.


Innate Abilities, Weirdness & Mutations

You have a beak for a mouth.
You have claws for feet.


   Skills:
 - Level 2.0 Fighting
 + Level 2.6 Axes
 - Level 1.0 Throwing
 - Level 1.1 Armour
 - Level 2.1 Dodging
 - Level 2.0 Spellcasting
 - Level 2.4 Translocations


You had 4 spell levels left.
You didn't know any spells.
Your spell library contained the following spells:

 Spells                   Type           Power      Damage    Failure   Level
 Blink                    Tloc           14%        N/A       19%         2
 Gell's Gravitas          Tloc           7%         N/A       36%         3
 Lesser Beckoning         Tloc           7%         N/A       36%         3
 Teleport Other           Tloc           7%         N/A       36%         3
 Manifold Assault         Tloc           7%         N/A       98%         5

Inventory:

Hand Weapons
 a - a +0 hand axe (weapon)
Missiles
 d - 4 boomerangs of dispersal (quivered)
Armour
 b - a +0 leather armour (worn)
Scrolls
 c - a scroll of blinking

Dungeon Overview and Level Annotations

Branches:
Dungeon (1/15)

Altars:


Message History

Press: ? - help, Q - select action Shift-Dir - straight line, f/p - frilled lizard You throw a boomerang of dispersal.
The boomerang of dispersal closely misses the frilled lizard.
32 ||| Stepping ~*~*~tactically~*~*~ (stealth).
A rat comes into view.
You closely miss the frilled lizard.
The goblin shouts!
Your kick misses the frilled lizard. The frilled lizard barely misses you.
You hit the frilled lizard but do no damage.
The frilled lizard bites you but does no damage.
You miss the frilled lizard. Your kick misses the frilled lizard.
The frilled lizard barely misses you.
You closely miss the frilled lizard. The frilled lizard bites you.
You miss the frilled lizard. Your peck misses the frilled lizard.
You barely miss the goblin. The frilled lizard bites you.
The goblin hits you with a +0 dagger. The rat barely misses you.
The frilled lizard bites you. The goblin barely misses you.
You closely miss the frilled lizard. You closely miss the rat.
You closely miss the goblin. The frilled lizard barely misses you.
The rat barely misses you. The goblin completely misses you.
You closely miss the frilled lizard. Your kick misses the frilled lizard.
You barely miss the goblin. You hit the rat.
You kill the rat!
A hobgoblin comes into view.
The frilled lizard closely misses you. The goblin hits you but does no damage.
You miss the frilled lizard.
The hobgoblin shouts!
You hit the goblin.
You kill the goblin!
The frilled lizard closely misses you.
You barely miss the frilled lizard. The frilled lizard bites you.
You miss the frilled lizard. Your peck misses the frilled lizard.
The frilled lizard unfolds its giant frill.
The frilled lizard bites you.
You die...

... ... .. #.#
#!$#####
##.....##
##.......##
#.........#
#g.l@.....#
......)......#
...#.........#
#. #.........#
..#.>.....##
..#.........#
.###.........#
#.........#####
#.............#


You could see a hobgoblin and a frilled lizard.

Vanquished Creatures
  A giant cockroach (D:1)
  2 goblins (D:1)
  A rat (D:1)
4 creatures vanquished.

Notes
Turn   | Place    | Note
-------+----------+-------------------------------------------
     0 | D:1      | qw the Tengu Warper began the quest for the Orb.
     0 | D:1      | Reached XP level 1. HP: 12/12 MP: 4/4
     0 | D:1      | 0 ||| qw: Version: 0.1-a-89-g26bdef1
     0 | D:1      | 0 ||| qw: Game counter: 765
     0 | D:1      | 0 ||| qw: Always use a shield: true
     0 | D:1      | 0 ||| qw: God list: Okawaru
     0 | D:1      | 0 ||| qw: Allow faded altars: false
     0 | D:1      | 0 ||| qw: Do Orc after D:15 true
     0 | D:1      | 0 ||| qw: Do second Lair branch before Depths: true
     0 | D:1      | 0 ||| qw: Lair rune preference: random
     0 | D:1      | 0 ||| qw: Plans: Normal
     0 | D:1      | 0 ||| PLANNING D:1-11
    32 | D:1      | 32 ||| Stepping ~*~*~tactically~*~*~ (stealth).
    41 | D:1      | HP: 2/12 [frilled lizard (2)]
    42 | D:1      | Slain by a frilled lizard

Levels and vault maps discovered:
D:1:      nicolae_arrival_memento_mori, layout_rooms

Action                   || total
-------------------------++-------
Melee: Hand axe          ||    12
Throw: Boomerang         ||     3
Armor: Leather armour    ||     3
Dodge: Dodged            ||     9

Table legend:
 A = Non-vault XP
 B = Vault XP
 C = Vault XP percentage of total XP
 D = Non-vault monster count
 E = Vault monster count
 F = Vault count percentage of total count
                 A         B        C        D         E       F
            +---------+---------+-------+---------+---------+-------
      Total |       6 |       0 |   0.0 |       4 |       0 |   0.0
            +---------+---------+-------+---------+---------+-------
        D:1 |       6 |       0 |   0.0 |       4 |       0 |   0.0
            +---------+---------+-------+---------+---------+-------
